 Dungeon Crawl Stone Soup version 0.30.1-9-gdf580d7c3d (webtiles) character file.

Game seed: 7684315953436684833

101975 Ironcache the Executioner (level 15, -23/151 HPs)
             Began as a Minotaur Berserker on Oct 12, 2023.
             Was a High Priest of Trog.
             Annihilated by a reaper
             ... wielding a +1 scythe of freezing
              (31 damage)
             ... in an ice cave.
             The game lasted 01:09:42 (25911 turns).

Ironcache the Executioner (Minotaur Berserker)     Turns: 25911, Time: 01:09:43

Health: -23/151    AC: 19    Str: 33    XL:     15   Next: 84%
Magic:  14/14      EV: 17    Int:  8    God:    Trog [*****.]
Gold:   1820       SH:  0    Dex: 17    Spells: 14/14 levels left

rFire   x . .        a - +3 executioner's axe
rCold   + + +        (shield currently unavailable)
rNeg    . . .        t - +0 ice dragon scales
rPois   .            (helmet restricted)
rElec   .            X - +0 cloak
rCorr   .            y - +1 pair of gloves {hurl}
SInv    .            P - +0 pair of boots
Will    +++..        T - amulet of magic regeneration Stlth
                     L - +6 ring of strength
HPRegen 1.45/turn    K - ring "Ujavis" {rC+ Int+4 Dex+5}
MPRegen 0.54/turn

%: no passive effects
@: about to teleport, strong-willed, regenerating, invisible
A: horns 2, retaliatory headbutt
a: Renounce Religion, Berserk, Trog's Hand, Brothers in Arms


You were in an ice cave.
You worshipped Trog.
Trog was extremely pleased with you.
You visited 4 branches of the dungeon, and saw 23 of its levels.
You also visited: Ice Cave.

You collected 1911 gold pieces.
You spent 91 gold pieces at shops.

Inventory:

Hand Weapons
 a - a +3 executioner's axe (weapon)
 b - a +3 battleaxe of flaming
Missiles
 g - 22 boomerangs (quivered)
 R - 6 javelins
Armour
 q - a +3 plate armour
 t - +0 ice dragon scales (worn)
 y - a +1 pair of gloves of hurling (worn)
 P - a +0 pair of boots (worn)
 X - a +0 cloak (worn)
Jewellery
 u - a +6 ring of intelligence
 G - a ring of positive energy
 K - the ring "Ujavis" (right hand) {rC+ Int+4 Dex+5}
   (You found it on level 13 of the Dungeon)

   [ring of protection from cold]

   Int:       It affects your intelligence (+4).
   Dex:       It affects your dexterity (+5).
   rC:        It protects you from cold.
 L - a +6 ring of strength (left hand)
 T - an amulet of magic regeneration (around neck)
Wands
 i - a wand of iceblast (18)
 D - a wand of paralysis (14)
 F - a wand of mindburst (21)
 I - a wand of light (17)
 Z - a wand of flame (32)
Scrolls
 d - 6 scrolls of immolation
 f - 4 scrolls of magic mapping
 h - 4 scrolls of noise
 l - 4 scrolls of vulnerability
 m - 3 scrolls of fog
 n - 3 scrolls of enchant weapon {unknown}
 p - 6 scrolls of fear
 v - 4 scrolls of teleportation
 w - a scroll of acquirement {unknown}
 x - 4 scrolls of enchant armour
 B - 6 scrolls of identify
 J - 2 scrolls of amnesia {unknown}
 M - a scroll of brand weapon {unknown}
 O - 2 scrolls of poison {unknown}
 Y - 2 scrolls of blinking {unknown}
Potions
 c - a potion of haste {unknown}
 e - 2 potions of cancellation {unknown}
 j - 2 potions of might
 k - 2 potions of invisibility
 o - 3 potions of curing
 r - 2 potions of magic
 s - 2 potions of ambrosia
 z - 6 potions of flight
 A - 4 potions of brilliance
 C - 2 potions of attraction {unknown}
 E - 2 potions of lignification
 H - 4 potions of berserk rage
 N - 3 potions of degeneration {unknown}
 V - a potion of heal wounds {unknown}
 W - a potion of resistance


   Skills:
 + Level 18.8 Fighting
 * Level 22.4 Axes
 + Level 12.7 Armour
 + Level 12.0 Dodging


You had 14 spell levels left.
You didn't know any spells.
Your spell library was empty.

Dungeon Overview and Level Annotations

Branches:
Dungeon (15/15)            Temple (1/1) D:4            Lair (5/5) D:8
  Swamp (0/4) Lair:3       Spider (0/4) Lair:3        Slime (0/5) Lair:5
    Orc (2/2) D:11            Elf (0/3) Orc:2        Vaults (0/5) D:14
  IceCv (1/1)
 Depths: D:15

Altars:
Ashenzari
Cheibriados
Dithmenos
Elyvilon
Fedhas
Gozag
Hepliaklqana
Kikubaaqudgha
Makhleb
Nemelex Xobeh
Okawaru
Qazlal
Ru
Sif Muna
Trog
Uskayaw
Vehumet
Wu Jian
Xom
Yredelemnul
Zin
The Shining One

Shops:
D:9 =   Orc:2 [[?*

Portals:
Trove: D:14 (give horn of Geryon)


Innate Abilities, Weirdness & Mutations

You have a pair of horns on your head.
You reflexively headbutt those who attack you in melee.


Message History

The reaper misses you. The reaper completely misses you.
The reaper attacks as you move away!
The reaper hits you with a +0 scythe of freezing!!
The reaper freezes you. The reaper closely misses you.
The reaper closely misses you. The reaper misses you.
The reaper hits you from afar with a +1 scythe of freezing!
The reaper freezes you.
You completely miss the reaper.
The reaper hits you with a +0 scythe of freezing!!
The reaper freezes you.
The reaper hits you from afar with a +1 scythe of freezing!!
The reaper freezes you.
Your skin crawls.
You feel strong-willed.
The reaper hits you with a +0 scythe of freezing!
* * * LOW HITPOINT WARNING * * *
The reaper hits you from afar with a +1 scythe of freezing!!
* * * LOW HITPOINT WARNING * * *
As you read the scroll of teleportation, it crumbles to dust.
You feel strangely unstable. The reaper misses you. You furiously retaliate!
You headbutt the reaper.
The reaper hits you from afar with a +1 scythe of freezing!
* * * LOW HITPOINT WARNING * * *
Okay, then.
Press: ? - help, . - travel, g - get item You can't see that place. [Stash: a crystal plate armour of cold resistance] [the floor.]
Press: ? - help, v - describe, . - travel
Here: a reaper, wielding a +0 scythe of freezing (lightly wounded)
The floor.
Unknown command.
Unknown command.
It was a potion of invisibility.
You fade into invisibility!
The reaper hits you with a +0 scythe of freezing.
* * * LOW HITPOINT WARNING * * *
The reaper hits you from afar with a +1 scythe of freezing!!
You die...

###############
#.'.........'.#
##.#####'#####.#
...#.#.#.#.#.#.##
.###'#'#.#'#'#.8######
.#.'.........#..@2222#
####.8.8.8.8.#.#####.#
.............#.#).$#.##
.............+.#?⌠.'2⌠#
.............#.#:.[#.##
####.8.8.8.8.#.#####.#
.#.'..÷......#.......#
.###'#'#.#'#'#.8######
...#.#.#.#.#.#.##


You could see 4 reapers.

Vanquished Creatures
  Saint Roka (Orc:2)
  A shadow dragon (D:13)
  The ghost of TekDriveTruck the Blocker, a journeyman GnFi of Cheibriados (D:14)
  An orc warlord (D:14)
  2 fire dragons
  The ghost of kaesle the Protected, a journeyman HOFi of Yredelemnul (Orc:1)
  4 vault guards (D:14)
  Fannar (D:11)
  4 caustic shrike simulacra (IceCv)
  4 hydras
  A great orb of eyes (D:13)
  An ogre mage (D:13)
  A catoblepas (D:13)
  An ice dragon (D:15)
  7 centaur warriors
  Erica (D:8)
  10 two-headed ogres
  2 boulder beetles (D:14)
  8 death yaks
  2 tengu warriors
  Urug (D:11)
  Nergalle (Lair:3)
  Sonja (D:11)
  Amaemon (D:9)
  Pikel (D:6)
  2 obsidian statues (IceCv)
  2 lindwurms (Lair:5)
  3 bog bodies
  12 orc knights
  A wolf spider zombie (D:11)
  3 deep elf pyromancers
  A necromancer (Lair:2)
  8 ugly things
  6 cyclopes
  A moth of wrath (D:14)
  10 elephants
  7 black mambas
  2 centaur zombies (D:11)
  2 centaur skeletons (D:11)
  2 torpor snails (Lair:5)
  An orange demon (D:10)
  3 gargoyles
  Psyche (D:11)
  8 cane toads
  6 rime drakes
  3 kobold demonologists (D:12)
  3 golden dragon simulacra (IceCv)
  11 freezing wraiths
  8 komodo dragons
  A guardian mummy (D:14)
  2 unseen horrors (D:10)
  2 yaktaurs (shapeshifter)
  2 ice devils (IceCv)
  A tengu conjurer (D:14)
  7 trolls
  A tarantella (shapeshifter) (D:12)
  2 hellwings (D:11)
  2 polar bears
  A hornet (D:7)
  7 blink frogs
  4 dream sheep (Lair:5)
  A meliai zombie (D:11)
  11 slime creatures
  2 shadows
  5 culicivoras (Lair:3)
  7 wyverns
  A basilisk (Lair:5)
  24 yaks
  Eustachio (D:6)
  3 steam dragons
  Grum (D:9)
  7 vampire mosquitoes
  Edmund (D:4)
  3 acid dragons
  3 hydra simulacra (IceCv)
  9 wargs
  8 water moccasins
  An ice beast (D:6)
  40 orc warriors
  A sky beast (D:7)
  5 black bears
  An ettin simulacrum (IceCv)
  11 ogres
  14 wolves
  11 centaurs
  A phantom (D:4)
  4 kobold brigands
  8 bullfrogs
  Blork the orc (D:6)
  2 scorpions
  A gnoll sergeant (D:12)
  18 wights
  3 killer bees (D:9)
  8 howler monkeys
  3 hounds
  14 orc priests
  A sleepcap (D:4)
  5 hell rats
  5 iguanas
  25 orc wizards
  5 polar bear simulacra (Lair:2)
  2 yak simulacra (Lair:2)
  2 wolf simulacra (Lair:2)
  9 gnolls
  8 adders
  4 shadow imps (D:11)
  An ufetubus (D:6)
  A worm (D:5)
  2 dart slugs
  81 orcs
  7 endoplasms
  4 goblins
  4 hobgoblins
  8 jackals
  23 kobolds
  3 quokkas
  8 ball pythons
  9 bats
  A frilled lizard (D:3)
  3 rats
  2 river rat simulacra (Lair:2)
654 creatures vanquished.

Notes
Turn   | Place    | Note
-------+----------+-------------------------------------------
     0 | D:1      | Ironcache the Minotaur Berserker began the quest for the
                  | Orb.
     0 | D:1      | Reached XP level 1. HP: 19/19 MP: 0/0
   165 | D:1      | Reached XP level 2. HP: 27/27 MP: 1/1
   206 | D:1      | Reached skill level 4 in Axes
   808 | D:2      | Reached XP level 3. HP: 27/33 MP: 2/2
   822 | D:2      | Reached ** piety under Trog
  1039 | D:2      | Identified the +2 hand axe of Piawoum {speed, Will+ rCorr}
  1103 | D:3      | Found a sparkling altar of Nemelex Xobeh.
  1104 | D:3      | Found a glowing silver altar of Zin.
  1413 | D:3      | Reached XP level 4. HP: 35/40 MP: 3/3
  1877 | D:4      | Reached skill level 5 in Axes
  2081 | D:4      | Found a staircase to the Ecumenical Temple.
  2090 | D:4      | Noticed Edmund
  2116 | D:4      | Killed Edmund
  2117 | D:4      | Reached skill level 5 in Fighting
  2117 | D:4      | Reached skill level 6 in Axes
  2117 | D:4      | Reached XP level 5. HP: 41/48 MP: 4/4
  2211 | D:4      | Noticed a black bear
  2219 | D:4      | Killed a black bear
  2220 | D:4      | Reached XP level 6. HP: 56/56 MP: 5/5
  2404 | D:4      | You fall into a shaft and drop 3 floors!
  2428 | D:5      | Entered Level 5 of the Dungeon
  2480 | D:4      | Reached skill level 7 in Axes
  2566 | Temple   | Entered the Ecumenical Temple
  3280 | D:5      | Reached XP level 7. HP: 60/63 MP: 6/6
  3450 | D:5      | Reached skill level 8 in Axes
  3932 | D:6      | Noticed Eustachio
  3940 | D:6      | Reached *** piety under Trog
  3944 | D:6      | Noticed Pikel
  3998 | D:6      | Killed Pikel
  3999 | D:6      | Reached skill level 10 in Axes
  3999 | D:6      | Reached XP level 8. HP: 74/74 MP: 7/7
  4002 | D:6      | Killed Eustachio
  4188 | D:6      | Noticed Blork the orc
  4200 | D:6      | Reached skill level 11 in Axes
  4206 | D:6      | Killed Blork the orc
  4243 | D:6      | Found a burning altar of Makhleb.
  4462 | D:6      | Reached XP level 9. HP: 81/82 MP: 8/8
  4515 | D:6      | Reached skill level 12 in Axes
  4581 | D:6      | Found a shimmering blue altar of Sif Muna.
  5144 | D:7      | Reached skill level 13 in Axes
  5829 | D:8      | Noticed a komodo dragon
  5835 | D:8      | Killed a komodo dragon
  5836 | D:8      | Reached skill level 10 in Fighting
  6000 | D:8      | Reached **** piety under Trog
  6015 | D:8      | Noticed Erica
  6028 | D:8      | Killed Erica
  6029 | D:8      | Reached skill level 14 in Axes
  6029 | D:8      | Reached XP level 10. HP: 94/94 MP: 9/9
  6944 | D:8      | Found a staircase to the Lair.
  7315 | D:9      | Noticed Grum
  7329 | D:9      | Killed Grum
  7705 | D:9      | Reached skill level 5 in Armour
  7737 | D:9      | Found Syvo's Jewellery Shoppe.
  7889 | D:9      | Reached ***** piety under Trog
  7890 | D:9      | Reached skill level 5 in Dodging
  8057 | D:10     | Entered Level 10 of the Dungeon
  8060 | D:10     | Noticed Amaemon
  8062 | D:10     | Noticed an orange demon
  8076 | D:9      | Killed Amaemon
  8077 | D:9      | Reached skill level 15 in Axes
  8257 | D:10     | Killed an orange demon
  8441 | D:10     | Reached XP level 11. HP: 86/102 MP: 10/10
  8819 | D:10     | Found a glowing golden altar of the Shining One.
  9175 | D:11     | Noticed a six-headed hydra
  9188 | D:11     | Noticed Urug
  9197 | D:11     | Killed Urug
  9279 | D:11     | Received a gift from Trog
  9520 | D:11     | Noticed Sonja
  9529 | D:11     | Killed Sonja
  9739 | D:11     | Noticed Psyche
  9744 | D:11     | Killed Psyche
  9749 | D:11     | Found a staircase to the Orcish Mines.
  9762 | D:11     | Noticed Fannar
  9767 | D:11     | Noticed a two-headed ogre
  9776 | D:11     | Killed a two-headed ogre
  9777 | D:11     | Reached skill level 16 in Axes
  9778 | D:11     | Killed Fannar
  9860 | D:11     | Found a blossoming altar of Fedhas.
  9862 | D:11     | Found a shimmering altar of Xom.
  9862 | D:11     | Found a hazy altar of Hepliaklqana.
  9864 | D:11     | Found an ornate altar of the Wu Jian Council.
  9864 | D:11     | Found a basalt altar of Yredelemnul.
  9864 | D:11     | Found a glowing silver altar of Zin.
 10043 | Lair:1   | Entered Level 1 of the Lair of Beasts
 10147 | Lair:1   | Reached XP level 12. HP: 110/115 MP: 11/11
 10850 | Lair:2   | Noticed a death yak
 10851 | Lair:2   | Noticed a death yak
 10854 | Lair:2   | Noticed a death yak
 10857 | Lair:2   | Noticed a death yak
 10858 | Lair:2   | Noticed a death yak
 10867 | Lair:1   | Killed a death yak
 10971 | Lair:1   | Killed a death yak
 11330 | Lair:1   | Killed a death yak
 11331 | Lair:1   | Reached skill level 17 in Axes
 11409 | Lair:2   | Killed a death yak
 11411 | Lair:2   | Killed a death yak
 12502 | Lair:3   | Reached skill level 15 in Fighting
 12594 | Lair:3   | Found a staircase to the Swamp.
 12699 | Lair:3   | Reached skill level 18 in Axes
 12768 | Lair:3   | Found a hole to the Spider Nest.
 13242 | Lair:3   | Reached XP level 13. HP: 128/128 MP: 12/12
 13475 | Lair:3   | Noticed Nergalle
 13493 | Lair:3   | Killed Nergalle
 14613 | Lair:5   | Entered Level 5 of the Lair of Beasts
 14985 | Lair:5   | Received a gift from Trog
 15083 | Lair:5   | Reached skill level 19 in Axes
 15251 | Lair:5   | Found a staircase to the Slime Pits.
 16946 | D:11     | Reached XP level 14. HP: 125/140 MP: 13/13
 17788 | D:12     | Identified the +4 mace of the Bright God {antimagic, *Noise
                  | rN+ Int+2}
 17818 | D:12     | Reached skill level 20 in Axes
 17818 | D:12     | Reached skill level 10 in Armour
 18243 | Orc:1    | Entered Level 1 of the Orcish Mines
 18370 | Orc:2    | Entered Level 2 of the Orcish Mines
 18470 | Orc:2    | Found a staircase to the Elven Halls.
 18639 | Orc:1    | Received a gift from Trog
 18643 | Orc:1    | Reached skill level 10 in Dodging
 18943 | Orc:1    | Found a transporter.
 18946 | Orc:1    | Noticed kaesle's ghost (journeyman HOFi)
 18949 | Orc:1    | Found a transporter.
 19875 | Orc:1    | Killed kaesle's ghost
 20087 | Orc:2    | Noticed Saint Roka
 20466 | Orc:2    | Found Ruh Cubbe's Antique Armour Shoppe.
 20466 | Orc:2    | Found Moikexkacle's Armour Boutique.
 20699 | Orc:2    | Found Ymoej's Magic Scroll Shoppe.
 20722 | Orc:2    | Bought a scroll of identify for 26 gold pieces
 20722 | Orc:2    | Bought a scroll of noise for 13 gold pieces
 20722 | Orc:2    | Bought a scroll of fear for 52 gold pieces
 20751 | Orc:2    | Found Honuer's Assorted Antiques.
 20792 | Orc:2    | Killed Saint Roka
 21569 | D:13     | Reached skill level 21 in Axes
 22027 | D:13     | Received a gift from Trog
 22040 | D:13     | Noticed a shadow dragon
 22098 | D:13     | Killed a shadow dragon
 22099 | D:13     | Reached XP level 15. HP: 84/149 MP: 14/14
 22610 | D:13     | Identified the ring "Ujavis" {rC+ Int+4 Dex+5}
 23656 | D:14     | Found a transporter.
 23662 | D:14     | Found a bloodstained altar of Trog.
 23662 | D:14     | Noticed TekDriveTruck's ghost (journeyman GnFi)
 23667 | D:14     | Found a transporter.
 24045 | D:14     | Found a portal to a secret trove of treasure.
 24429 | D:14     | Found a gate to the Vaults.
 24442 | D:14     | Identified the +1 buckler "Meuddeiw" {rCorr Str+3 Dex+2}
 24584 | D:14     | Reached skill level 22 in Axes
 24589 | D:14     | Killed TekDriveTruck's ghost
 24590 | D:14     | HP: 7/150 [tengu warrior/+0 bardiche (4)]
 25057 | D:15     | Entered Level 15 of the Dungeon
 25119 | D:15     | Found a frozen archway.
 25165 | IceCv    | Entered an ice cave
 25911 | IceCv    | Annihilated by a reaper

Illustrated notes

Levels and vault maps discovered:
D:1:      pf_arrival_petrified_forest, layout_basic, minmay_tree_intersection
D:2:      layout_rooms
D:3:      layout_basic, chequers_temple_overflow_statue_of_worship,
          minmay_close_crescents
D:4:      layout_cave_pools, minmay_temple_entry_arrows, serial_forest,
          infiniplex_forest_end_3, infiniplex_forest_clump_double,
          infiniplex_forest_clump_large, infiniplex_forest_straight_4,
          infiniplex_forest_lined_3_way, infiniplex_forest_lined_corner,
          infiniplex_forest_clump_long, kennysheep_generic_room_14, uniq_edmund
D:5:      layout_cave_pools
D:6:      layout_rooms, mainiacjoe_overflow_six_doors_small,
          lemuel_blue_sif_altar, uniq_pikel, uniq_blork_the_orc, uniq_eustachio
D:7:      layout_basic
D:8:      layout_basic, grunt_lair_entry_orc_guard_hut, uniq_erica
D:9:      layout_roguey, serial_shops, shop, uniq_grum
D:10:     layout_cross, mainiacjoe_overflow_chevrons, uniq_amaemon
D:11:     cheibrodos_grave_circle, layout_long_grid, orc_0_dummy,
          doesnt_xom_only_xom, uniq_psyche, uniq_fannar, uniq_sonja, uniq_urug
D:12:     layout_gridville, serial_glass, glass_columns_a, glass_columns_b,
          minmay_strange_pillars, feat_on_display, item_on_display_a,
          feat_on_display
D:13:     layout_stronghold, serial_column_ruins, column_ruins_columns_T,
          column_ruins_grid_1, column_ruins_corridor_corner,
          column_ruins_open_small, minmay_checkered_concentric_circles
D:14:     layout_basic, lightli_vaults_fourway_checkpoint,
          gammafunk_ghost_wrathful_warriors, nicolae_trove_entry_path_of_doom,
          st_stairs_14
D:15:     hangedman_depths_entry_civil_slaughter, layout_long_grid,
          amethyst_killhole, portal_ice_cave_entry_dragon
Temple:   minmay_temple_bridge_d
Lair:1:   layout_hall_layers, beast_lair_carwin_11
Lair:2:   layout_small_grid, eino_house_with_fridge
Lair:3:   layout_cave_pods, skrybe_swamp_entry_bodies,
          hellmonk_spider_entry_life_and_decay, uniq_nergalle
Lair:4:   layout_regular_city, chequers_serial_rivers_small_3
Lair:5:   hangedman_lair_in_review, layout_long_grid, slime_entry_1
Orc:1:    layout_caves, gammafunk_ghost_arena
Orc:2:    st_orc_town, layout_caves, uniq_saint_roka
IceCv:    ice_cave_tombish

Skill      XL: |  1  2  3  4  5  6  7  8  9 10 11 12 13 14 15 |
---------------+----------------------------------------------+-----
Axes           | 4 6 7 10 11 14 15 16 18 19 21 22 | 22.4
Fighting       | 4 5 6 7 8 10 11 13 15 17 18 | 18.8
Armour         | 3 6 8 9 11 12 | 12.7
Dodging        | 3 5 8 9 10 12 | 12.0

Action                     |  1- 3 |  4- 6 |  7- 9 | 10-12 | 13-15 || total
---------------------------+-------+-------+-------+-------+-------++-------
  Melee: Hand axe          |    80 |    90 |   121 |       |       ||   291
         Headbutt          |     9 |    17 |    35 |    93 |   201 ||   355
         Punch             |       |     1 |     5 |     3 |     2 ||    11
         War axe           |       |       |    60 |   401 |    93 ||   554
         Executioner's axe |       |       |       |       |   659 ||   659
         Battleaxe         |       |       |       |       |     3 ||     3
 Invoke: Berserk           |     1 |     3 |     5 |    12 |    17 ||    38
         Trog's Hand       |       |       |       |       |     3 ||     3
  Evoke: Wand              |       |       |       |       |     1 ||     1
    Use: Scroll            |       |       |       |    13 |     4 ||    17
         Potion            |       |       |       |       |     2 ||     2
   Stab: Sleeping          |     1 |       |       |       |       ||     1
 Armour: Animal skin       |    19 |     5 |       |       |       ||    24
         Ring mail         |       |    13 |     9 |       |       ||    22
         Leather armour    |       |       |    24 |     2 |       ||    26
         Chain mail        |       |       |       |   189 |   160 ||   349
         Plate armour      |       |       |       |       |   162 ||   162
         Ice dragon scales |       |       |       |       |    33 ||    33
         Skin              |       |       |       |       |     8 ||     8
  Dodge: Dodged            |    66 |    30 |    67 |   174 |   372 ||   709
